 Dungeon Crawl Stone Soup version 0.22-a0-282-gdd34a7d (webtiles) character file.

2297 neds the Charlatan (level 9, 0/67 HPs)
             Began as a Gnoll Artificer on Mar 16, 2018.
             Slain by a killer bee (7 damage)
             ... on level 7 of the Dungeon on Mar 17, 2018.
             The game lasted 01:07:58 (11971 turns).

neds the Charlatan (Gnoll Artificer)               Turns: 11971, Time: 01:07:59

Health: 0/67       AC: 16    Str: 16    XL:     9   Next: 40%
Magic:  15/15      EV:  3    Int: 14    God:
Gold:   370        SH: 14    Dex: 17    Spells: 16/16 levels left

rFire    . . .     SeeInvis .   v - +0 war axe
rCold    . . .     Gourm    .   z - +0 large shield
rNeg     . . .     Faith    .   h - +0 plate armour
rPois    .         Spirit   .   H - +2 hat
rElec    .         Reflect  .   (no cloak)
rCorr    .         Harm     .   q - +1 pair of gloves
MR       .....                  (no boots)
Stlth    ..........             (no amulet)
HPRegen  0.21/turn              (no ring)
MPRegen  0.14/turn              (no ring)

@: lethally poisoned (0 -> -10)
A: distributed training, fangs 1, strong nose
a: no special abilities


You were on level 7 of the Dungeon.
You were not hungry.

You visited 1 branch of the dungeon, and saw 7 of its levels.

You collected 636 gold pieces.
You spent 266 gold pieces at shops.

Inventory:

Hand Weapons
 a - a +0 short sword
 m - a cursed +0 club
 n - a +1 hand axe of freezing
 s - a +0 short sword of holy wrath
 v - a +0 war axe (weapon)
 A - a +2 dagger of flaming
 C - a +2 hunting sling of freezing
 N - a +0 shortbow
Missiles
 l - 125 arrows
 D - 176 stones (quivered)
 G - 26 poisoned needles
Armour
 b - a +0 leather armour
 h - a +0 plate armour (worn)
 q - a +1 pair of gloves (worn)
 w - a +0 pair of gloves
 z - a +0 large shield (worn)
 B - a +2 pair of boots
 F - a +1 leather armour of magic resistance
 H - a +2 hat (worn)
Jewellery
 g - an uncursed ring of poison resistance {unknown}
 j - an uncursed amulet of faith {unknown}
 x - a +2 ring of strength {unknown}
 M - an uncursed amulet of the gourmand {unknown}
Wands
 c - a wand of flame (4)
 d - a wand of enslavement (15)
 e - a wand of random effects (15)
Scrolls
 i - a scroll of amnesia
 o - a scroll of immolation
 r - a scroll of teleportation
 y - a scroll of blinking
 I - 2 scrolls of random uselessness
 J - a scroll of magic mapping {unknown}
 K - a scroll of enchant weapon
 L - a scroll of enchant armour
 Q - a scroll of identify
Potions
 k - 5 potions of flight
 p - 2 potions of resistance {unknown}
 t - a potion of might {unknown}
 u - a potion of curing {unknown}
 E - 2 potions of haste
 O - 2 potions of heal wounds {unknown}
 P - a potion of invisibility {unknown}
Comestibles
 f - 7 rations


   Skills:
 + Level 4.9 Fighting
 + Level 4.9 Short Blades
 + Level 4.1 Long Blades
 + Level 4.1 Axes
 + Level 4.1 Maces & Flails
 + Level 4.1 Polearms
 + Level 4.1 Staves
 + Level 4.1 Slings
 + Level 4.1 Bows
 + Level 4.1 Crossbows
 + Level 4.1 Throwing
 + Level 4.1 Armour
 + Level 6.2 Dodging
 + Level 4.8 Stealth
 + Level 4.1 Shields
 + Level 4.1 Unarmed Combat
 + Level 4.1 Spellcasting
 + Level 3.4 Conjurations
 + Level 3.4 Hexes
 + Level 3.4 Charms
 + Level 3.4 Summonings
 + Level 3.4 Necromancy
 + Level 3.4 Translocations
 + Level 3.4 Transmutations
 + Level 3.4 Fire Magic
 + Level 3.4 Ice Magic
 + Level 3.4 Air Magic
 + Level 3.4 Earth Magic
 + Level 3.4 Poison Magic
 + Level 4.5 Invocations
 + Level 7.8 Evocations


You had 16 spell levels left.
You didn't know any spells.

Dungeon Overview and Level Annotations

Branches:
Dungeon (7/15)             Temple (0/1) D:7

Altars:
Cheibriados
Dithmenos
Fedhas
Gozag
Kikubaaqudgha
Nemelex Xobeh
Okawaru
Ru
Sif Muna
Trog
Wu Jian

Shops:
D:4 [   D:5 (

Annotations:
D:3 exclusion: oklob plant


Innate Abilities, Weirdness & Mutations

Your experience applies equally to all skills.
You have very sharp teeth.
Your uncanny sense of smell can sniff out nearby items.


Message History

You hear a shout!
A howler monkey comes into view.
The howler monkey howls!
You slash the killer bee!
The killer bee is heavily wounded.
You miss the killer bee. You closely miss the killer bee.
Your shield and plate armour prevent you from hitting the howler monkey.
You miss the killer bee.
You feel sick.
The killer bee stings you but does no damage.
You block the killer bee's attack.
The killer bee stings you but does no damage.
You block the killer bee's attack.
The killer bee stings you but does no damage.
You block the howler monkey's attack. The killer bee stings you.
* * * LOW HITPOINT WARNING * * *
The killer bee stings you.
* * * LOW HITPOINT WARNING * * *
The killer bee stings you but does no damage. x2
The killer bee stings you!
You die...

#### #.#.......(...#.#.#.....##.#
. #..>.....(..(...#.#.....##.# .
#......#..(.o.#...#.._..#... ..
#..........(..#.#.########.# #.
....##......##..#.###..# #..
...... #......##..#......# ..
.......#'#...##..######.# .#
####...#.######y......#.###.#
...#......@yo...#.#.#..#
...####..hyy....# #.#..#
............#.........# #....####
............#.........# #........
......#.....#.....#####.#..######
......#.....#...........#..<.....
...... #.h.h#.......#.#######
......######...............
....##............⌠..####.#


You could see 3 howler monkeys, 4 killer bees, an orc priest and an orc.

Vanquished Creatures
  Sigmund (D:5)
  A wyvern (D:5)
  Menkaure (D:6)
  2 ice beasts (D:5)
  4 ogres
  A phantom (D:5)
  A centaur (D:6)
  A big kobold (D:7)
  A gnoll sergeant (D:6)
  A scorpion (D:7)
  3 wights (D:5)
  2 howler monkeys
  A bullfrog zombie (D:6)
  2 hounds
  A centaur skeleton (D:5)
  2 orc priests
  9 orc wizards
  A bullfrog skeleton (D:4)
  A worker ant (D:4)
  An iguana (D:3)
  A hound skeleton (D:4)
  A mummy (D:7)
  A howler monkey zombie (D:5)
  8 gnolls
  6 adders
  A shadow imp (D:7)
  An ooze (D:1)
  An adder zombie (D:5)
  4 adder skeletons
  A worm (D:5)
  A dart slug (D:1)
  6 leopard geckos
  10 orcs
  7 bats
  3 giant cockroaches
  8 hobgoblins
  7 jackals
  11 kobolds
  5 quokkas
  A ball python skeleton (D:5)
  6 frilled lizards
  6 goblins
  A quokka skeleton (D:4)
  9 rats
  2 fungi
145 creatures vanquished.

Vanquished Creatures (others)
  16 toadstools (D:3)
16 creatures vanquished.

Grand Total: 161 creatures vanquished

Notes
Turn   | Place    | Note
-------+----------+-------------------------------------------
     0 | D:1      | neds the Gnoll Artificer began the quest for the Orb.
     0 | D:1      | Reached XP level 1. HP: 17/17 MP: 4/4
   107 | D:1      | Reached XP level 2. HP: 19/23 MP: 6/6
   785 | D:1      | Reached XP level 3. HP: 28/28 MP: 7/7
  1268 | D:2      | Reached skill level 1 in Invocations
  1562 | D:2      | You fall through a shaft for 2 floors!
  1615 | D:4      | Noticed an ogre
  1717 | D:2      | Reached skill level 1 in Long Blades
  1717 | D:2      | Reached skill level 1 in Axes
  1717 | D:2      | Reached skill level 1 in Maces & Flails
  1717 | D:2      | Reached skill level 1 in Polearms
  1717 | D:2      | Reached skill level 1 in Staves
  1717 | D:2      | Reached skill level 1 in Slings
  1717 | D:2      | Reached skill level 1 in Bows
  1717 | D:2      | Reached skill level 1 in Crossbows
  1717 | D:2      | Reached skill level 1 in Throwing
  1717 | D:2      | Reached skill level 1 in Armour
  1717 | D:2      | Reached skill level 1 in Shields
  1717 | D:2      | Reached skill level 1 in Unarmed Combat
  1717 | D:2      | Reached skill level 1 in Spellcasting
  1811 | D:2      | Reached XP level 4. HP: 31/34 MP: 8/8
  2493 | D:3      | Found a blossoming altar of Fedhas.
  2505 | D:3      | Noticed an oklob plant
  2842 | D:3      | Found a deep blue altar of Sif Muna.
  2854 | D:3      | Reached skill level 1 in Conjurations
  2854 | D:3      | Reached skill level 1 in Hexes
  2854 | D:3      | Reached skill level 1 in Charms
  2854 | D:3      | Reached skill level 1 in Summonings
  2854 | D:3      | Reached skill level 1 in Necromancy
  2854 | D:3      | Reached skill level 1 in Translocations
  2854 | D:3      | Reached skill level 1 in Transmutations
  2854 | D:3      | Reached skill level 1 in Fire Magic
  2854 | D:3      | Reached skill level 1 in Ice Magic
  2854 | D:3      | Reached skill level 1 in Air Magic
  2854 | D:3      | Reached skill level 1 in Earth Magic
  2854 | D:3      | Reached skill level 1 in Poison Magic
  2854 | D:3      | Reached XP level 5. HP: 9/40 MP: 9/9
  3350 | D:4      | Noticed an ogre
  3574 | D:4      | Reached XP level 6. HP: 40/47 MP: 11/11
  3723 | D:4      | Reached skill level 5 in Dodging
  3993 | D:4      | Reached XP level 7. HP: 24/52 MP: 12/12
  4622 | D:4      | Found an iron altar of Okawaru.
  4781 | D:4      | Reached skill level 7 in Evocations
  5814 | D:4      | Found Baicho's Armour Shoppe.
  5821 | D:4      | Bought a +2 hat for 176 gold pieces
  6247 | D:5      | Entered Level 5 of the Dungeon
  6349 | D:5      | Found Dituanamp's Antique Weapon Shoppe.
  6392 | D:5      | Bought a glowing hunting sling for 90 gold pieces
  6415 | D:5      | Noticed a wyvern
  7015 | D:5      | Killed a wyvern
  7015 | D:5      | Reached XP level 8. HP: 34/60 MP: 13/13
  7159 | D:5      | Found an ornate altar of the Wu Jian Council.
  7296 | D:5      | Found a sacrificial altar of Ru.
  7998 | D:5      | Found a sparkling altar of Nemelex Xobeh.
  8013 | D:5      | Noticed Sigmund
  8080 | D:5      | Killed Sigmund
  8865 | D:6      | Found an opulent altar of Gozag.
  9274 | D:6      | Reached XP level 9. HP: 64/66 MP: 14/14
  9626 | D:6      | Noticed Menkaure
  9641 | D:6      | Killed Menkaure
 10256 | D:6      | Found a blossoming altar of Fedhas.
 10354 | D:6      | Found an ancient bone altar of Kikubaaqudgha.
 10354 | D:6      | Found a shadowy altar of Dithmenos.
 10355 | D:6      | Found a bloodstained altar of Trog.
 10501 | D:6      | Noticed a troll
 10591 | D:5      | Upgraded the game from 0.22-a0-280-g69bf1f3 to 0.22-a0-282-gdd34a7d
 10691 | D:7      | Found a snail-covered altar of Cheibriados.
 10804 | D:7      | Found a staircase to the Ecumenical Temple.
 11010 | D:7      | HP: 2/67 [orc priest/divine providence (12)]
 11971 | D:7      | Slain by a killer bee

Vault maps used:
D:1:      dpeg_arrival_tiny_f, st_stairs_3
D:2:      first_ration, minmay_gold_behind_fungi
D:3:      tgw_sif, minmay_stone_trees_medium, tgw_fedhas
D:4:      serial_shops, nicolae_shop_trees, st_stairs_5,
          okawaru_metal_pillars_1_2
D:5:      overflow_temple_1_default, kennysheep_mini_moat, serial_shops,
          nicolae_shop_stone, nicolae_ru_sacrificial_ziggurat, uniq_sigmund
D:6:      minitemple, lemuel_crystal_altar, uniq_menkaure
D:7:      slow_altar_2, temple_fountains

Skill      XL: |  1  2  3  4  5  6  7  8  9 |
---------------+----------------------------+-----
Invocations    | 1 2 3 4 |  4.5
Long Blades    | 1 2 3 4 |  4.1
Axes           | 1 2 3 4 |  4.1
Maces & Flails | 1 2 3 4 |  4.1
Polearms       | 1 2 3 4 |  4.1
Staves         | 1 2 3 4 |  4.1
Slings         | 1 2 3 4 |  4.1
Bows           | 1 2 3 4 |  4.1
Crossbows      | 1 2 3 4 |  4.1
Throwing       | 1 2 3 4 |  4.1
Armour         | 1 2 3 4 |  4.1
Shields        | 1 2 3 4 |  4.1
Unarmed Combat | 1 2 3 4 |  4.1
Spellcasting   | 1 2 3 4 |  4.1
Conjurations   | 1 2 3 |  3.4
Hexes          | 1 2 3 |  3.4
Charms         | 1 2 3 |  3.4
Summonings     | 1 2 3 |  3.4
Necromancy     | 1 2 3 |  3.4
Translocations | 1 2 3 |  3.4
Transmutations | 1 2 3 |  3.4
Fire Magic     | 1 2 3 |  3.4
Ice Magic      | 1 2 3 |  3.4
Air Magic      | 1 2 3 |  3.4
Earth Magic    | 1 2 3 |  3.4
Poison Magic   | 1 2 3 |  3.4
Fighting       | 3 4 |  4.9
Short Blades   | 3 4 |  4.9
Dodging        | 5 6 |  6.2
Stealth        | 3 4 |  4.8
Evocations     | 7 |  7.8

Action                   |  1- 3 |  4- 6 |  7- 9 || total
-------------------------+-------+-------+-------++-------
Melee: Short sword       |   161 |   212 |   269 ||   642
       Bite              |    17 |    24 |    91 ||   132
       Hand axe          |       |       |   241 ||   241
       War axe           |       |       |    89 ||    89
 Fire: Hunting sling     |       |       |    10 ||    10
Evoke: Wand              |       |     9 |     2 ||    11
  Use: Scroll            |       |     5 |     7 ||    12
       Potion            |       |       |     1 ||     1
 Stab: Sleeping          |     4 |     3 |       ||     7
  Eat: Chunk             |     3 |     7 |     9 ||    19
       Ration            |       |       |     5 ||     5
Armor: Leather armour    |    35 |    28 |       ||    63
       Plate armour      |       |    34 |   295 ||   329
Dodge: Dodged            |   107 |   107 |    57 ||   271
Block: Large shield      |       |    47 |   415 ||   462

Table legend:
 A = Spawn XP
 B = Non-spawn XP
 C = Spawn XP percentage of total XP
 D = Spawn monster count
 E = Non-spawn monster count
 F = Spawn count percentage of total count
 G = Total turns spent on level
                    A         B        C        D         E        F      G
               +---------+---------+-------+---------+---------+-------+---------
         Total |       0 |    3282 |   0.0 |       0 |     143 |   0.0 | 11971
               +---------+---------+-------+---------+---------+-------+---------
           D:1 |       0 |      44 |   0.0 |       0 |      24 |   0.0 |  1228
           D:2 |       0 |      45 |   0.0 |       0 |      17 |   0.0 |   847
           D:3 |       0 |     231 |   0.0 |       0 |      23 |   0.0 |  2379
           D:4 |       0 |     691 |   0.0 |       0 |      27 |   0.0 |  2479
           D:5 |       0 |    1248 |   0.0 |       0 |      19 |   0.0 |  2234
           D:6 |       0 |     718 |   0.0 |       0 |      19 |   0.0 |  2160
           D:7 |       0 |     305 |   0.0 |       0 |      14 |   0.0 |   644
               +---------+---------+-------+---------+---------+-------+---------
